Map: Overgrowth LE (Void)

Players

Musumeci - Winner!

  • Race: Zerg Zerg
  • League: Diamond
  • Spawn Location: 1:00

Burnyby

  • Race: Terran Terran
  • League: Diamond
  • Spawn Location: 7:00

VOD

Have the link to the VOD?

Description

Time

  • Played on: Jan. 7, 2017, 7:37 a.m.
  • Length: 16:49
Show
View Real Time Build Order
Export as new Build Order

Musumeci Zerg - Winner!

Build Orders: Hatch First 

Get SALT Encoding   

  12  0:01  Drone  
  13  0:09  Extractor  
  13  0:11  Drone  
  14  0:16  Extractor  
  14  0:17  Drone  
  15  0:41  Hatchery  
  14  0:48  Drone, Extractor  
  15  1:02  Spawning Pool  
  14  1:09  Extractor  
  14  1:10  Drone  
  14  1:13  Extractor  
  14  1:14  Drone  
  16  1:18  Overlord  
  16  1:37  Drone  
  16  1:38  Drone  
  18  1:43  Drone  
  19  1:48  Queen  
  19  1:52  Queen  
  23  1:55  Drone  
  23  1:58  Drone  
  25  2:04  Overlord  
  25  2:07  Drone  
  26  2:14  Drone x2  
  28  2:22  Extractor  
  27  2:24  Queen  
  29  2:30  Queen  
  29  2:36  Drone  
  34  2:37  Drone x2  
  34  2:40  Drone  
  34  2:42  Extractor  
  35  2:46  Drone  
  36  2:58  Extractor  
  36  3:01  Overlord  
  36  3:17  Overlord  
  36  3:21  Drone x6, Extractor  
  36  3:22  Drone  
  36  3:24  Extractor  
  36  3:25  Roach Warren  
  40  3:29  Hatchery  
  39  3:41  Drone  
  39  3:42  Drone x2  
  42  3:58  Evolution Chamber  
  42  3:59  Evolution Chamber  
  40  4:13  Roach x4  
  48  4:18  Drone  
  48  4:19  Drone x3  
  48  4:20  Overlord x4  
  52  4:28  Extractor  
  51  4:48  Roach x4  
  59  4:54  Drone, Lair  
  59  4:55  Drone x2  
  62  5:08  Roach  
  62  5:09  Roach x3  
  70  5:21  Drone x2  
  70  5:22  Drone x2, Spore Crawler  
  70  5:23  Spore Crawler x2  
  70  5:24  Drone  
  70  5:26  Drone x3, Extractor, Spore Crawler  
  73  5:29  Zerg Missile Weapons Level 1  
  73  5:31  Drone  
  73  5:32  Drone x2  
  76  5:36  Overlord  
  76  5:37  Overlord  
  76  5:43  Drone x4  
  80  5:50  Glial Reconstitution  
  80  5:54  Zerg Ground Armor Level 1  
  80  6:00  Roach x2  
  80  6:01  Roach  
  86  6:22  Ravager x2  
  86  6:23  Ravager  
  86  6:25  Drone x6  
  94  6:26  Drone x2, Extractor x2  
  94  6:27  Overlord x3  
  94  6:28  Drone  
  94  6:29  Drone  
  97  6:34  Drone  
  88  7:25  Drone x6  
  88  7:26  Drone x2  
  88  7:27  Drone x2  
  98  7:40  Zerg Missile Weapons Level 2  
  98  7:46  Tunneling Claws  
  98  7:48  Infestation Pit, Burrow  
  98  7:49  Roach  
  98  7:50  Roach x5, Zerg Ground Armor Level 2  
  109  7:51  Overlord x3  
  109  7:52  Overlord  
  109  7:54  Drone  
  109  7:55  Drone x4  
  114  8:14  Hatchery  
  114  8:16  Ravager x2  
  114  8:17  Roach x7  
  129  8:21  Ravager x5  
  129  8:23  Ravager  
  129  8:25  Drone x3  
  129  8:26  Drone  
  139  8:30  Drone  
  140  8:34  Ravager  
  140  8:35  Ravager  
  140  8:36  Roach  
  140  8:37  Roach  
  140  8:38  Overlord x3  
  146  9:05  Hive  
  146  9:19  Roach x4  
  146  9:20  Roach x8  
  146  9:21  Overlord x5  
  146  9:22  Roach x4  
  170  9:38  Roach x4  
  170  9:42  Roach x10  
  190  9:55  Extractor  
  190  9:56  Extractor  
  188  10:00  Roach x2  
  188  10:05  Roach x5  
  188  10:06  Roach  
  194  10:31  Roach  
  194  10:32  Roach x2  
  194  10:35  Roach x2  
  200  10:41  Roach  
  200  10:48  Roach x2  
  196  11:10  Overlord x3  
  196  11:27  Ravager x10  
  200  11:41  Roach x2  
  200  11:44  Roach x4  
  197  11:55  Ravager x3  
  196  12:01  Roach x4  
  192  12:09  Zerg Ground Armor Level 3  
  184  12:30  Spine Crawler x2  
  184  12:32  Spine Crawler x2  
  184  12:34  Ravager x11  
  191  12:38  Roach x4  
  191  12:43  Roach x4  
  185  13:16  Roach x4  
  183  13:35  Roach x4  
  159  13:51  Roach x4  
  144  13:58  Roach  
  144  13:59  Roach x22  
  144  14:00  Roach  
  155  14:15  Roach x9  
  155  14:16  Roach x3  
  175  14:19  Ravager x4  
  175  14:20  Ravager x3  
  135  14:38  Ravager x11  
  114  14:39  Ravager  
  100  14:49  Roach  
  100  14:50  Roach x24  
  100  14:51  Roach x10  
  141  15:01  Queen  
  143  15:09  Drone  
  144  15:14  Hatchery  
  144  15:21  Ravager x7  
  144  15:22  Ravager x3  
  153  15:30  Evolution Chamber  
  153  15:32  Drone x2  
  153  15:33  Drone  
  155  15:49  Roach  
  171  15:50  Roach x11  
  171  15:55  Roach x2  
  171  15:56  Roach x2  
  179  15:58  Roach x4, Spore Crawler  
  179  16:00  Spore Crawler  
  177  16:12  Ravager x6  
  183  16:28  Roach x7  
Show
View Real Time Build Order
Export as new Build Order

Burnyby Terran 

Build Orders: Reaper Expand, MMM Bio 

Get SALT Encoding   

  12  0:01  SCV  
  13  0:13  SCV  
  14  0:19  Supply Depot  
  14  0:31  SCV  
  15  0:43  SCV, Barracks  
  16  0:54  Refinery  
  16  0:55  SCV  
  17  1:07  SCV  
  18  1:19  SCV  
  19  1:33  Orbital Command  
  19  1:40  Command Center  
  19  1:46  Reaper  
  20  1:55  Supply Depot  
  20  1:58  SCV  
  21  2:10  SCV  
  22  2:38  Barracks Reactor  
  22  2:39  Barracks  
  22  2:40  Refinery  
  21  2:53  SCV  
  22  3:05  SCV  
  23  3:16  Orbital Command  
  23  3:18  Factory, Marine x2  
  25  3:21  SCV  
  26  3:27  Barracks Tech Lab  
  26  3:33  SCV  
  27  3:39  Marine x2  
  29  3:45  SCV  
  29  3:46  SCV  
  31  3:50  Marine  
  31  3:52  Stimpack  
  32  3:57  SCV, Marine x2  
  32  3:58  SCV  
  36  4:08  Marine  
  36  4:09  SCV  
  38  4:14  Starport, Marine, Factory Reactor  
  38  4:16  Marine  
  40  4:20  Command Center  
  40  4:23  SCV x2  
  42  4:26  Marine  
  42  4:29  Engineering Bay  
  42  4:30  Engineering Bay  
  43  4:35  SCV x2  
  43  4:36  Supply Depot x2  
  43  4:37  Marine  
  46  4:50  Supply Depot  
  46  4:54  Refinery x2  
  46  4:58  SCV x2, Marine x2  
  50  5:02  Barracks  
  50  5:06  Factory Reactor  
  50  5:08  Marine  
  50  5:09  Medivac  
  50  5:10  SCV x2  
  50  5:12  Medivac  
  57  5:15  Marine x2  
  57  5:19  Supply Depot  
  59  5:22  SCV x2  
  59  5:27  Terran Infantry Weapons Level 1  
  61  5:28  Terran Infantry Armor Level 1  
  61  5:30  Marine  
  61  5:33  Marine x2  
  64  5:41  Medivac  
  64  5:42  Medivac  
  68  5:48  Marine  
  69  5:51  Orbital Command  
  69  5:52  SCV  
  69  5:53  SCV  
  69  5:56  Bunker  
  71  5:58  Supply Depot  
  71  5:59  Supply Depot  
  71  6:01  Barracks Reactor  
  71  6:04  SCV  
  71  6:09  Barracks  
  71  6:10  Marine x2  
  74  6:11  Combat Shields  
  74  6:16  Marine  
  75  6:20  SCV  
  76  6:28  Armory, Marine x2  
  76  6:32  SCV  
  79  6:33  Supply Depot  
  79  6:35  Supply Depot  
  79  6:36  Marine  
  79  6:39  Medivac  
  82  6:45  Marine  
  82  6:46  Marine  
  74  7:10  Marine  
  74  7:11  Marauder, Marine x5  
  74  7:13  Factory Tech Lab  
  82  7:22  SCV x2  
  74  7:34  SCV x2  
  76  7:39  Terran Infantry Weapons Level 2, Terran Infantry Armor Level 2  
  76  7:46  Barracks, Marine x2  
  76  7:47  Marauder, Marine x4  
  76  7:48  Orbital Command  
  84  8:02  Medivac x2  
  84  8:04  Marine x3  
  91  8:05  Factory Reactor  
  91  8:08  Marauder  
  93  8:14  SCV x3  
  93  8:18  Marine x2  
  98  8:25  Supply Depot  
  98  8:26  Supply Depot  
  98  8:27  Supply Depot  
  98  8:28  Supply Depot  
  98  8:29  Marauder  
  100  8:35  Liberator x2  
  100  8:43  SCV x2  
  100  8:44  SCV  
  103  8:49  Marine  
  103  8:50  Marine x5  
  103  8:51  Marauder  
  103  8:54  Widow Mine x2  
  103  8:55  SCV x2  
  122  9:07  Marauder, Marine  
  122  9:08  Marine x4  
  122  9:09  Concussive Shells  
  129  9:11  Barracks  
  129  9:12  Marauder  
  131  9:18  Liberator  
  131  9:23  Marine  
  132  9:25  Marine x2  
  132  9:27  Supply Depot  
  132  9:28  Marauder, SCV x2, Supply Depot  
  132  9:29  SCV, Supply Depot  
  132  9:30  Supply Depot  
  139  9:33  Refinery  
  139  9:34  Marauder, Refinery  
  144  9:39  Marine x2  
  144  9:40  SCV, Marine  
  144  9:41  SCV, Marine  
  146  9:50  Marauder  
  146  9:55  Marauder  
  148  10:11  Marauder  
  148  10:13  Missile Turret  
  150  10:16  Marauder  
  151  10:32  Missile Turret  
  151  10:33  Marauder  
  150  10:38  SCV x2  
  152  10:44  Marauder, Marine x2  
  156  10:50  Marine x2  
  156  10:54  Marauder  
  160  10:59  Marine x2  
  160  11:01  Marine, Barracks Tech Lab  
  160  11:02  Marine  
  164  11:05  Marauder, Missile Turret  
  165  11:12  Liberator  
  165  11:13  Liberator  
  165  11:15  Marauder  
  166  11:27  Marauder  
  166  11:32  Marauder, Marine x5  
  179  11:33  Marine  
  179  11:36  Terran Infantry Weapons Level 3, Terran Infantry Armor Level 3  
  179  11:37  Marauder  
  184  11:43  Supply Depot  
  184  11:48  Marauder  
  184  11:50  Marine  
  184  11:53  Marauder  
  181  11:55  Liberator  
  181  12:04  Missile Turret  
  181  12:05  SCV x3  
  183  12:13  Liberator  
  186  12:17  SCV  
  187  12:31  Marine x2  
  187  12:32  Marauder x2, Marine  
  197  12:40  Missile Turret  
  197  12:57  Command Center  
  197  13:02  Missile Turret  
  197  13:03  Marine  
  197  13:04  Marine  
  197  13:18  Supply Depot  
  197  13:29  Liberator  
  197  13:30  Liberator  
  197  13:40  Marine x3  
  200  13:41  Marine  
  200  13:42  Marine  
  200  13:43  Command Center  
  200  13:44  Marine  
  200  13:45  Marauder  
  200  13:46  Missile Turret  
  189  14:00  Marine  
  160  14:11  Marauder x2, Marine x6  
  162  14:18  Marine  
  149  14:28  Marine  
  149  14:30  Marauder  
  140  14:34  Marauder, Marine x4  
  140  14:35  Marauder  
  140  14:36  Marine  
  102  14:46  Marine  
  102  14:51  Marauder  
  102  14:52  Marine  
  99  14:56  Marauder  
  88  15:05  Medivac  
  88  15:16  Planetary Fortress  
  89  15:21  SCV  
  89  15:22  SCV  
  90  15:37  Marauder, Marine x4  
  90  15:38  Marauder x2, Marine  
  101  15:48  Medivac x2  
  105  15:59  Marauder x2  
  109  16:10  Marauder, Marine  
  112  16:15  Refinery  
  112  16:16  Refinery  
  112  16:18  Medivac  
  112  16:20  Marauder x2  
  109  16:31  Marine x4  
Tags
 
Add a new tag
Caveats
  • Supply blocks, unpowered buildings, or Contaminate may cause inaccurate times.
  • Supply counts are checked every 10 seconds.